 Dungeon Crawl Stone Soup version 0.31-a0-662-g684573625c (webtiles) character file.

Game seed: 10977936637151744998

87 Maratek the Trooper (level 4, -4/55 HPs)
             Began as a Demonspawn Berserker on Sept 1, 2023.
             Was a Believer of Trog.
             Slain by a gnoll
             ... wielding a +0 spear
              (7 damage)
             ... on level 2 of the Dungeon.
             The game lasted 00:02:23 (1127 turns).

Maratek the Trooper (Demonspawn Berserker)          Turns: 1127, Time: 00:02:23

Health: -4/55      AC:  4    Str: 19    XL:     4   Next: 28%
Magic:  4/4        EV: 12    Int:  9    God:    Trog [**....]
Gold:   45         SH:  0    Dex: 12    Spells: 3/3 levels left

rFire   . . .        a - +0 hand axe
rCold   . . .        (no shield)
rNeg    . . .        b - +0 animal skin
rPois   .            h - +0 hat
rElec   .            (no cloak)
rCorr   .            (no gloves)
SInv    .            (no boots)
Will    .....        (no amulet) Stlth
                     (no ring)
HPRegen 0.29/turn    (no ring)
MPRegen 0.09/turn

%: no passive effects
@: berserking (expiring), very quick
A: hooves 1, icy blue scales 1
a: Renounce Religion, Berserk, Trog's Hand


You were on level 2 of the Dungeon.
You worshipped Trog.
Trog was pleased with you.
You visited 1 branch of the dungeon, and saw 2 of its levels.

You collected 45 gold pieces.

Inventory:

Hand Weapons
 a - a +0 hand axe (weapon)
Armour
 b - a +0 animal skin (worn)
 h - a +0 hat (worn)
Scrolls
 e - 2 scrolls of identify {unknown}
 i - a scroll of poison {unknown}
 j - a scroll of vulnerability {unknown}
 l - a scroll of teleportation {unknown}
 m - a scroll of fear {unknown}
Potions
 c - 3 potions of magic {unknown}
 d - 2 potions of heal wounds {unknown}
 f - 2 potions of haste {unknown}
 g - a potion of lignification {unknown}
 k - a potion of brilliance {unknown}


   Skills:
 + Level 3.9 Fighting
 + Level 3.5 Axes
 + Level 1.8 Armour
 + Level 2.4 Dodging


You had 3 spell levels left.
You didn't know any spells.
Your spell library was empty.

Dungeon Overview and Level Annotations

Branches:
Dungeon (2/15)

Altars:
Makhleb


Innate Abilities, Weirdness & Mutations

You have large cloven feet.
You are partially covered in icy blue scales. (AC +2)


Message History

The gnoll is moderately wounded.
The gnoll hits you with a +0 whip. The gnoll completely misses you.
The gnoll hits you with a +0 whip!
You hit the gnoll but do no damage. Your kick misses the gnoll.
The gnoll is moderately wounded.
The gnoll hits you but does no damage. The gnoll hits you with a +0 whip.
You hit the gnoll but do no damage. You kick the gnoll.
The gnoll is severely wounded.
The gnoll closely misses you.
You hit the gnoll. You kick the gnoll.
The gnoll is almost dead.
The gnoll hits you from afar with a +0 spear.
The gnoll barely misses you.
A gnoll comes into view. It is wielding a +3 spear.
You are too injured to fight recklessly!
You are too injured to fight recklessly!
You are too injured to fight recklessly!
You are too injured to fight recklessly!
You are too injured to fight recklessly!
A red film seems to cover your vision as you go berserk!
You feel yourself moving faster!
You feel mighty!
The gnoll hits you from afar with a +0 spear!
* * * LOW HITPOINT WARNING * * *
The gnoll hits you with a +0 whip.
* * * LOW HITPOINT WARNING * * *
You hit the gnoll.
You kill the gnoll!
Trog accepts your kill. The gnoll closely misses you.
A worm comes into view.
You see here a +0 whip.
You feel a strong urge to attack something.
The gnoll hits you with a +0 spear.
* * * LOW HITPOINT WARNING * * *
The gnoll hits you from afar with a +3 spear.
* * * LOW HITPOINT WARNING * * *
You slash the gnoll!
The gnoll is severely wounded.
The gnoll hits you with a +0 spear!
You die...

######## #......#
##### #.####.#
####g.....
#.####.#####)@gg..>..
#.#..........##rw....
#.#..#.#.##### .....
#.#..#.#.# ....
#.<....#.# ...
###.##.#.# ..
#.##.#.# # #......#
####<###


You could see a worm, 3 gnolls and a quokka.

Vanquished Creatures
  Jessica (D:2)
  An adder (D:2)
  A gnoll (D:2)
  A worm (D:2)
  3 endoplasms
  3 giant cockroaches (D:1)
  2 hobgoblins (D:1)
  5 quokkas
  4 ball pythons
  4 bats
  A frilled lizard (D:2)
  5 goblins
  A kobold (D:1)
  6 rats
38 creatures vanquished.

Notes
Turn   | Place    | Note
-------+----------+-------------------------------------------
     0 | D:1      | Maratek the Demonspawn Berserker began the quest for the
                  | Orb.
     0 | D:1      | Reached XP level 1. HP: 18/18 MP: 1/1
   105 | D:1      | Gained mutation: You are partially covered in icy blue
                  | scales. (AC +2) [demonic ancestry]
   105 | D:1      | Reached XP level 2. HP: 24/24 MP: 2/2
   676 | D:2      | Gained mutation: You have large cloven feet. [demonic
                  | ancestry]
   676 | D:2      | Reached XP level 3. HP: 23/29 MP: 3/3
   716 | D:2      | Reached ** piety under Trog
   888 | D:2      | Found a burning altar of Makhleb.
   952 | D:2      | Found a faded altar of an unknown god.
  1004 | D:2      | Noticed Jessica
  1011 | D:2      | Killed Jessica
  1012 | D:2      | Reached XP level 4. HP: 33/37 MP: 4/4
  1127 | D:2      | Slain by a gnoll

Illustrated notes

Levels and vault maps discovered:
D:1:      orjb1_lava_funnel, layout_basic
D:2:      layout_loops_cross, hellmonk_ecumenical_altar_run_dry, basic_altar,
          uniq_jessica

Skill      XL: |  1  2 |
---------------+-------+-----
Axes           | 3 |  3.5
Dodging        | 2 |  2.4
Fighting       | |  3.9
Armour         | |  1.8

Action                     |  1- 3 |  4- 6 || total
---------------------------+-------+-------++-------
  Melee: Hand axe          |    92 |    13 ||   105
         Punch             |     1 |       ||     1
         Kick              |    13 |     5 ||    18
 Invoke: Berserk           |     1 |     1 ||     2
   Stab: Sleeping          |       |     1 ||     1
 Armour: Animal skin       |    55 |    14 ||    69
  Dodge: Dodged            |    46 |    11 ||    57

Table legend: (Time is in decaauts)
 A = Elapsed time spent in this place.
 B = Non-inter-level travel time spent in this place.
 C = Inter-level travel time spent in this place.
 D = Time resting spent in this place.
 E = Time spent auto-exploring this place.
 F = Levels seen in this place.
 G = Mean time per level.
                   A        B        C        D        E       F      G
               +--------+--------+--------+--------+--------+-----+--------+
         Total |   1153 |   1135 |     18 |      0 |    863 |   2 |  576.5 |
       Dungeon |   1153 |   1135 |     18 |      0 |    863 |   2 |  576.5 |
               +--------+--------+--------+--------+--------+-----+--------+

Top non-repeatable levels by time:
     D:1: 624 daAuts
     D:2: 528 daAuts
